Map: Central Protocol

Players

MarineLorD

  • Race: Terran Terran
  • League: Platinum

Nerchio - Winner!

  • Race: Zerg Zerg
  • League: Grandmaster

Event: Homestory Cup XII

VOD

Have the link to the VOD?

Description

Time

  • Played on: Dec. 17, 2015, 9:23 a.m.
  • Length: 8:33

All games in this series

Show
View Real Time Build Order
Export as new Build Order

MarineLorD Terran 

Build Orders: Reaper Expand 

Get SALT Encoding   

  12  0:00  SCV  
  13  0:13  SCV  
  14  0:17  Supply Depot  
  14  0:25  SCV  
  15  0:39  SCV  
  15  0:42  Barracks  
  16  0:46  Refinery  
  16  0:51  SCV  
  17  1:03  SCV  
  18  1:15  SCV  
  19  1:29  Reaper, Orbital Command  
  20  1:41  Command Center  
  20  1:50  Supply Depot  
  20  1:55  SCV  
  21  2:01  Marine  
  21  2:07  SCV  
  23  2:15  Factory  
  23  2:19  SCV  
  24  2:23  Barracks Reactor  
  24  2:31  SCV  
  25  2:42  Refinery  
  25  2:43  SCV  
  26  2:53  Orbital Command  
  26  2:55  SCV  
  27  3:00  Starport  
  27  3:07  SCV  
  28  3:13  Marine  
  28  3:14  Marine, Widow Mine  
  28  3:19  SCV  
  33  3:22  SCV  
  34  3:27  Supply Depot  
  34  3:31  SCV, Marine  
  34  3:32  Marine  
  37  3:34  SCV  
  37  3:41  Medivac  
  40  3:43  SCV  
  40  3:45  Factory Tech Lab  
  40  3:46  SCV  
  42  3:49  Marine  
  42  3:50  Marine  
  42  3:52  Bunker  
  44  3:55  SCV  
  44  3:58  Supply Depot, SCV  
  45  4:05  Siege Tank  
  45  4:07  Marine  
  45  4:08  Marine  
  49  4:11  Liberator  
  49  4:17  Supply Depot x2  
  49  4:19  Supply Depot  
  49  4:22  Supply Depot  
  51  4:38  Marine  
  51  4:39  SCV  
  49  4:48  SCV  
  49  4:57  SCV  
  50  5:01  SCV  
  50  5:02  Barracks Reactor, Factory Tech Lab  
  51  5:09  SCV  
  51  5:13  Supply Depot, Bunker, SCV  
  53  5:14  Medivac  
  53  5:21  SCV  
  56  5:26  SCV  
  56  5:27  Liberator  
  57  5:28  Command Center  
  57  5:33  SCV  
  58  5:38  SCV  
  58  5:41  Siege Tank  
  62  5:45  SCV  
  62  5:49  Supply Depot  
  66  5:50  SCV  
  67  6:01  SCV  
  67  6:02  SCV  
  67  6:03  Marine x2  
  71  6:06  Refinery x2, Barracks  
  71  6:09  Engineering Bay, Barracks  
  71  6:11  Engineering Bay  
  68  6:14  SCV, Siege Tank  
  68  6:17  SCV  
  73  6:21  Marine x2  
  75  6:26  SCV  
  76  6:36  SCV  
  76  6:38  SCV, Starport Reactor  
  76  6:39  Marine x2  
  80  6:45  Orbital Command  
  80  6:50  SCV  
  81  6:55  Barracks Tech Lab  
  81  6:56  Barracks Tech Lab  
  81  6:57  SCV, Barracks, Marine x2  
  81  7:00  Barracks  
  84  7:02  SCV  
  84  7:05  Siege Tank  
  88  7:12  Orbital Command  
  88  7:14  SCV  
  89  7:16  Marauder  
  89  7:17  Marauder, Marine x2  
  89  7:20  SCV  
  96  7:27  SCV  
  96  7:28  Starport Reactor  
  97  7:32  SCV  
  98  7:37  Marauder  
  98  7:39  SCV, Marauder  
  98  7:41  Marine x2  
  102  7:44  SCV  
  102  7:51  SCV, Barracks Reactor  
  104  7:55  Barracks x2  
  104  7:56  Armory  
  104  7:58  Refinery, Marauder  
  104  8:00  Marauder  
  104  8:03  SCV, Marine x2  
  95  8:14  Marine  
  95  8:15  SCV  
Show
View Real Time Build Order
Export as new Build Order

Nerchio Zerg - Winner!

Build Orders: Hatch First 

Get SALT Encoding   

  12  0:00  Drone  
  13  0:12  Overlord  
  13  0:17  Drone  
  14  0:30  Drone x2  
  14  0:34  Drone  
  17  0:52  Hatchery  
  17  0:56  Drone  
  17  0:58  Drone  
  18  1:13  Spawning Pool  
  18  1:16  Drone  
  18  1:19  Drone  
  18  1:21  Extractor  
  18  1:28  Drone  
  19  1:39  Overlord  
  19  1:59  Queen  
  19  2:00  Zergling x4  
  23  2:03  Queen  
  23  2:04  Zergling x2  
  26  2:10  Drone  
  26  2:15  Drone  
  28  2:19  Roach Warren  
  28  2:22  Drone  
  27  2:38  Overlord  
  27  2:40  Drone  
  28  2:50  Overlord  
  28  3:02  Roach  
  28  3:03  Roach x3  
  28  3:04  Roach  
  38  3:08  Roach  
  38  3:11  Roach  
  42  3:14  Drone  
  42  3:17  Drone  
  42  3:19  Drone  
  44  3:22  Drone  
  44  3:25  Drone  
  46  3:27  Drone  
  46  3:30  Drone  
  48  3:35  Overlord  
  48  3:40  Drone  
  48  3:44  Overlord  
  48  3:47  Ravager  
  48  3:48  Drone  
  50  3:49  Drone  
  50  3:50  Drone  
  52  3:59  Drone x4  
  52  4:01  Drone  
  57  4:08  Ravager  
  58  4:15  Hatchery  
  58  4:16  Drone  
  58  4:25  Drone x2  
  58  4:27  Spore Crawler  
  59  4:32  Drone  
  59  4:35  Drone x2  
  59  4:36  Queen x2  
  66  4:38  Overlord  
  60  4:48  Drone x4  
  60  4:55  Extractor x2  
  60  4:57  Roach  
  60  4:58  Roach  
  59  5:05  Spore Crawler  
  58  5:08  Roach  
  58  5:09  Roach  
  62  5:16  Drone x3  
  62  5:18  Extractor  
  64  5:23  Overlord  
  64  5:30  Lair  
  64  5:38  Drone x4  
  64  5:39  Drone x2  
  70  5:44  Evolution Chamber  
  70  5:45  Ravager x2  
  70  5:46  Queen  
  70  5:48  Queen  
  75  5:51  Drone  
  75  5:52  Drone x3  
  75  5:53  Overlord  
  79  6:01  Drone x4  
  79  6:02  Drone x3  
  79  6:03  Overlord  
  86  6:05  Metabolic Boost  
  86  6:11  Roach  
  88  6:14  Evolution Chamber  
  87  6:23  Roach x4  
  95  6:27  Roach  
  95  6:28  Glial Reconstitution  
  95  6:30  Zerg Missile Weapons Level 1  
  95  6:31  Overlord  
  95  6:32  Overlord  
  97  6:39  Queen  
  97  6:40  Overlord x2  
  97  6:46  Roach x3  
  105  6:53  Roach x5  
  115  6:57  Overlord x2  
  115  6:59  Roach  
  119  7:01  Roach  
  119  7:03  Roach  
  119  7:06  Roach x2  
  125  7:08  Roach  
  127  7:16  Overlord  
  127  7:17  Overlord  
  127  7:20  Roach  
  127  7:22  Roach  
  131  7:29  Roach x3  
  137  7:30  Roach  
  137  7:33  Roach  
  137  7:36  Extractor x2  
  139  7:39  Roach x3  
  145  7:46  Ravager  
  145  7:50  Roach  
  148  7:52  Drone x7  
  153  7:59  Roach x2  
  153  8:00  Roach x2  
  153  8:04  Overlord x3, Ravager  
  162  8:09  Roach x2  
  153  8:17  Ravager  
Tags
 
Add a new tag
Caveats
  • Supply blocks, unpowered buildings, or Contaminate may cause inaccurate times.
  • Supply counts are checked every 10 seconds.